 Dungeon Crawl Stone Soup version 0.29-a0-509-g793eeb5391 (webtiles) character file.

Game seed: 3565383676331521155

51 Lekart the Skirmisher (level 3, -3/33 HPs)
             Began as a Draconian Chaos Knight on May 29, 2022.
             Was a Plaything of Xom.
             Slain by a gnoll
             ... wielding a +0 halberd
              (14 damage)
             ... on level 3 of the Dungeon.
             The game lasted 00:02:32 (1454 turns).

Lekart the Skirmisher (Draconian Chaos Knight)      Turns: 1454, Time: 00:02:32

Health: -3/33      AC:  5    Str: 14    XL:     3   Next: 57%
Magic:  3/3        EV: 12    Int: 12    God:    Xom [.....*]
Gold:   138        SH:  5    Dex: 12    Spells: 2/2 levels left

rFire   + . .      SeeInvis .   a - +0 falchion (chaos)
rCold   . . .      Faith    .   (no shield)
rNeg    . . .      Spirit   .   (body armour unavailable)
rPois   .          Reflect  +   (helmet restricted)
rElec   .          Harm     .   (no cloak)
rCorr   .          Rampage  .   (no gloves)
Will    .....                   (no boots)
Stlth   +.........              d - amulet of reflection
HPRegen 0.11/turn               (no ring)
MPRegen 0.08/turn               (no ring)

@: no status effects
A: AC +5, unfitting armour, cold-blooded, fire resistance 1, evolution 1,
MP-powered wands
a: Renounce Religion


You were on level 3 of the Dungeon.
You worshipped Xom.
You were Xom's teddy bear.
You visited 1 branch of the dungeon, and saw 3 of its levels.

You collected 138 gold pieces.

Inventory:

Hand Weapons
 a - a +0 falchion of chaos (weapon)
Jewellery
 d - an amulet of reflection (around neck)
 e - a ring of fire
 k - a ring of magical power
Wands
 l - a wand of iceblast (9)
Scrolls
 j - a scroll of torment {unknown}
Potions
 c - 2 potions of curing
 f - a potion of invisibility
 g - a potion of berserk rage
 h - a potion of haste {unknown}
Miscellaneous
 b - a piece from Xom's chessboard (15/15) (quivered)


   Skills:
 * Level 4.2 Fighting
 + Level 3.5 Long Blades
 + Level 2.4 Dodging
 + Level 0.1 Shields


You had 2 spell levels left.
You didn't know any spells.
Your spell library contained the following spells:

 Spells                   Type           Power      Damage    Failure   Level
 Sting                    Tmut/Pois      0%         1d3       32%         1
 Poisonous Vapours        Pois/Air       0%         N/A       45%         2
 Conjure Flame            Conj/Fire      0%         6-21      69%         3
 Inner Flame              Hex/Fire       0%         N/A       69%         3
 Summon Guardian Golem    Hex/Summ       0%         N/A       69%         3
 Olgreb's Toxic Radiance  Pois           0%         N/A       97%         4
 Lightning Bolt           Conj/Air       0%         1d11      100%        5
 Silence                  Hex/Air        0%         N/A       100%        5
 Starburst                Conj/Fire      0%         6d3       100%        6
 Haunt                    Necr/Summ      0%         N/A       100%        7
 Fire Storm               Conj/Fire      0%         5d1       100%        9


Dungeon Overview and Level Annotations

Branches:
Dungeon (3/15)

Altars:


Innate Abilities, Weirdness & Mutations

Your plain brown scales are hard. (AC +5)
You cannot fit into any form of body armour.
You are cold-blooded and may be slowed by cold attacks.
Your flesh is heat resistant. (rF+)
You have hidden genetic potential.
You expend magic power (3 MP) to strengthen your wands.


Message History

You climb downwards.
Found a chain mail and 2 curare-tipped darts.
There is a stone staircase leading up here.
There are monsters nearby!
The helpless gnoll fails to defend itself.
You slash the gnoll! You freeze the gnoll.
You kill the gnoll!
The gnoll shouts!
The gnoll hits you with a +0 whip.
You barely miss the gnoll.
A gnoll comes into view. It is wielding a +0 halberd.
The gnoll misses you.
You hit the gnoll.
You feel better.
You tail-slap the gnoll, but do no damage.
The gnoll is lightly wounded.
The gnoll barely misses you. The gnoll hits you but does no damage.
You barely miss the gnoll.
The gnoll is lightly wounded.
The gnoll barely misses you.
You hit the gnoll. Lightning courses through the gnoll!
The gnoll is almost dead.
The gnoll hits you from afar with a +0 halberd.
You slash the gnoll!
You kill the gnoll!
You block the gnoll's attack.
You hit the gnoll. You freeze the gnoll.
The gnoll is severely wounded.
The gnoll hits you from afar with a +0 halberd!
A shower of butterflies erupts from you!
You block the gnoll's attack.
You hit the gnoll. You burn the gnoll.
The gnoll is severely wounded.
The gnoll hits you from afar with a +0 halberd.
The gnoll hits you with a +0 whip.
You are too injured to fight recklessly!
You are too injured to fight recklessly!
You are too injured to fight recklessly!
You block the gnoll's attack.
The gnoll hits you from afar with a +0 halberd!
You die...

..# ..#
#(# ##b#
..####.b.
...bb...#
.[....8b#
#@# #g#


#bg #### You could see 2 gnolls.

Vanquished Creatures
  2 gnolls (D:3)
  A ball python (D:2)
  6 endoplasms
  3 giant cockroaches (D:2)
  3 hobgoblins
  2 kobolds
  4 bats
  3 frilled lizards (D:2)
  2 goblins (D:1)
  4 rats
30 creatures vanquished.

Notes
Turn   | Place    | Note
-------+----------+-------------------------------------------
     0 | D:1      | Lekart the Draconian Chaos Knight began the quest for the
                  | Orb.
     0 | D:1      | Reached XP level 1. HP: 19/19 MP: 1/1
   183 | D:1      | XOM: divination: detect creatures
   194 | D:1      | Found a faded altar of an unknown god.
   307 | D:1      | Reached XP level 2. HP: 27/27 MP: 2/2
   333 | D:1      | Got Sif Muna's Collected Works on Feathery Companions
   981 | D:2      | XOM: scenery: summon butterflies
  1018 | D:2      | Reached skill level 4 in Fighting
  1031 | D:2      | XOM: give mutations
  1031 | D:2      | Gained mutation: You have hidden genetic potential. [Xom's
                  | grace]
  1031 | D:2      | Gained mutation: Your flesh is heat resistant. (rF+) [Xom's
                  | grace]
  1124 | D:2      | XOM: blink monster(s)
  1209 | D:2      | XOM: polymorph hobgoblin -> kobold
  1216 | D:2      | Reached XP level 3. HP: 32/33 MP: 3/3
  1232 | D:2      | Identified the +1 robe of the Trilobite {rPois}
  1235 | D:2      | XOM: give mutation
  1235 | D:2      | Gained mutation: You expend magic power (3 MP) to
                  | strengthen your wands. [Xom's grace]
  1361 | D:2      | XOM: god gift: Syliywnou's Disquisition on Ignition {god
                  | gift}
  1362 | D:2      | Got Syliywnou's Disquisition on Ignition {god gift}
  1452 | D:3      | XOM: butterfly on damage
  1454 | D:3      | Slain by a gnoll

Illustrated notes

Levels and vault maps discovered:
D:1:      heliophobic_arrival_ceremonial_halls, layout_rooms,
          hellmonk_ecumenical_altar_slurped_away
D:2:      layout_loops_ring, minmay_pentomino_t2
D:3:      layout_loops_ring, biasface_ghost_orc_armoury,
          hangedman_abyss_or_decor_lesser_grid

Skill      XL: |  1  2 |
---------------+-------+-----
Fighting       | 4 |  4.2
Long Blades    | |  3.5
Dodging        | |  2.4
Shields        | |  0.1

Action                   || total
-------------------------++-------
Melee: Falchion          ||    86
       Tailslap          ||     7
  Use: Scroll            ||     3
 Stab: Sleeping          ||     2
Armor: Skin              ||    23
Dodge: Dodged            ||    34
Block: Other             ||    23

Table legend: (Time is in decaauts)
 A = Elapsed time spent in this place.
 B = Non-inter-level travel time spent in this place.
 C = Inter-level travel time spent in this place.
 D = Time resting spent in this place.
 E = Time spent auto-exploring this place.
 F = Levels seen in this place.
 G = Mean time per level.
                   A        B        C        D        E       F      G
               +--------+--------+--------+--------+--------+-----+--------+
         Total |   1467 |   1440 |     27 |      0 |   1195 |   3 |  489.0 |
       Dungeon |   1467 |   1440 |     27 |      0 |   1195 |   3 |  489.0 |
               +--------+--------+--------+--------+--------+-----+--------+

Top non-repeatable levels by time:
     D:2: 853 daAuts
     D:1: 604 daAuts
     D:3: 9 daAuts
